 Dungeon Crawl Stone Soup version 0.29.1-13-g9f3cf754e1 (webtiles) character file.

Game seed: 1808122647272152800

640 theswoord the Twirler (level 7, -8/50 HPs)
             Began as a Demonspawn Gladiator on Jan 22, 2023.
             Splashed by a jelly's acid (11 damage)
             ... on level 6 of the Dungeon.
             The game lasted 00:08:26 (4635 turns).

theswoord the Twirler (Demonspawn Gladiator)        Turns: 4635, Time: 00:08:27

Health: -8/50      AC:  0    Str: 17    XL:     7   Next: 26%
Magic:  7/7        EV:  7    Int:  9    God:
Gold:   234        SH:  0    Dex: 14    Spells: 6/6 levels left

rFire   . . .      SeeInvis .   (no weapon)
rCold   . . .      Faith    .   (no shield)
rNeg    . . .      Spirit   .   A - +0 chain mail
rPois   .          Reflect  .   (helmet restricted)
rElec   .          Harm     .   s - scarf {shadows}
rCorr   .          Rampage  .   (no gloves)
Will    .....                   (no boots)
Stlth   ..........              (no amulet)
HPRegen 0.16/turn               (no ring)
MPRegen 0.10/turn               (no ring)

@: corroded, invisible
A: claws 1, hooves 1, horns 2, powered by death 2
a: no special abilities


You were on level 6 of the Dungeon.
You visited 1 branch of the dungeon, and saw 6 of its levels.

You collected 234 gold pieces.

Inventory:

Hand Weapons
 a - a +0 quarterstaff
 l - a +3 quarterstaff of chaos
Missiles
 d - 2 throwing nets (quivered)
 e - a javelin
Armour
 b - a +0 leather armour
 c - a +0 helmet
 f - a +0 cloak of stealth
 s - a scarf of shadows (worn)
 A - a +0 chain mail (worn)
Jewellery
 m - a +6 ring of intelligence
 o - a ring of resist corrosion
 v - a ring of protection from cold
 y - a ring of ice
Wands
 p - a wand of acid (6)
Scrolls
 i - 4 scrolls of poison
 q - 5 scrolls of amnesia
 t - a scroll of identify
 w - a scroll of silence {unknown}
 x - a scroll of teleportation {unknown}
 z - a scroll of torment {unknown}
Potions
 g - a potion of degeneration
 h - 2 potions of might
 j - 4 potions of lignification
 k - a potion of attraction
 r - 2 potions of brilliance
 u - 2 potions of resistance


   Skills:
 + Level 2.1 Fighting
 + Level 7.6 Staves
 - Level 1.7 Throwing
 - Level 2.6 Dodging
 * Level 0.9 Unarmed Combat


You had 6 spell levels left.
You didn't know any spells.
Your spell library was empty.

Dungeon Overview and Level Annotations

Branches:
Dungeon (6/15)             Temple (0/1) D:6

Altars:
Fedhas
Sif Muna

Shops:
D:2 ?   D:5 *


Innate Abilities, Weirdness & Mutations

You have sharp fingernails.
You have large cloven feet.
You have a pair of horns on your head.
You regenerate health from kills.


Message History

No target in view!
(D) Dungeon
Where to? (Enter - D:5, ? - help)
There is a stone staircase leading down here.
You climb downwards.
The jelly quivers.
Found a stone staircase leading down.
There is a stone staircase leading up here.
A jelly is nearby!
A jelly is nearby!
Found a hand axe.
Found a staircase to the Ecumenical Temple.
The jelly hits you.
You are splashed with acid!
You scratch the jelly.
Your claws burn!
You kick the jelly.
The jelly is heavily wounded.
The jelly hits you.
You are splashed with acid.
You scratch the jelly.
Your claws burn!
The jelly is severely wounded.
The jelly hits you. The acid corrodes you!
You are splashed with acid!
* * * LOW HITPOINT WARNING * * *
You scratch the jelly but do no damage. The acid corrodes you!
Your claws burn!
* * * LOW HITPOINT WARNING * * *
Your headbutt misses the jelly.
The jelly is severely wounded.
The jelly hits you.
* * * LOW HITPOINT WARNING * * *
You are splashed with acid!
* * * LOW HITPOINT WARNING * * *
Sorry, you're not good enough to have a special ability.
It was a potion of invisibility.
You fade into invisibility!
The jelly barely misses you. The jelly attacks as you move away!
The jelly barely misses you.
You scratch the jelly.
Your claws burn!
* * * LOW HITPOINT WARNING * * *
The jelly is almost dead.
The jelly hits you.
* * * LOW HITPOINT WARNING * * *
You are splashed with acid!
You die...

#######
#.....#
##.....#
####......#
......J@>.#
..........#
...##...<.#
..##.....#
..........#
)>....#.###
......#..
..##.#.. .#
..


You could see a jelly.

Vanquished Creatures
  An ogre (D:4)
  A centaur (D:5)
  A scorpion (D:5)
  A jelly (D:5)
  An orc priest (D:3)
  Crazy Yiuf (D:2)
  A hound (D:5)
  Ijyb (D:3)
  An iguana (D:5)
  An orc wizard (D:3)
  3 gnolls (D:3)
  6 adders
  A shadow imp (D:4)
  An ufetubus (D:5)
  3 worms
  5 dart slugs
  11 orcs
  6 ball pythons
  5 bats
  6 endoplasms
  3 giant cockroaches
  11 hobgoblins
  7 jackals
  4 quokkas
  A frilled lizard (D:2)
  6 goblins
  6 kobolds
  6 rats
101 creatures vanquished.

Notes
Turn   | Place    | Note
-------+----------+-------------------------------------------
     0 | D:1      | theswoord the Demonspawn Gladiator began the quest for the
                  | Orb.
     0 | D:1      | Reached XP level 1. HP: 16/16 MP: 1/1
    29 | D:1      | Reached skill level 3 in Staves
   118 | D:1      | Discovered your monstrous ancestry.
   118 | D:1      | Gained mutation: You have a pair of small horns on your
                  | head. [demonic ancestry]
   118 | D:1      | Reached XP level 2. HP: 16/22 MP: 2/2
   534 | D:1      | Found a faded altar of an unknown god.
   743 | D:1      | Gained mutation: You regenerate a little health from kills.
                  | [demonic ancestry]
   743 | D:1      | Reached XP level 3. HP: 24/27 MP: 3/3
  1059 | D:2      | Reached skill level 4 in Staves
  1076 | D:2      | Found Opokyikk's Magic Scroll Emporium.
  1666 | D:2      | Gained mutation: You have sharp fingernails. [demonic
                  | ancestry]
  1666 | D:2      | Reached XP level 4. HP: 30/33 MP: 4/4
  1755 | D:2      | Found a runed translucent door.
  1756 | D:2      | Noticed Crazy Yiuf
  1883 | D:2      | Killed Crazy Yiuf
  1885 | D:2      | Gained mutation: You are partially covered in iridescent
                  | scales. (AC +2) [potion of mutation]
  1885 | D:2      | Gained mutation: You are occasionally teleported next to
                  | monsters. [potion of mutation]
  1885 | D:2      | Gained mutation: You have a pair of horns on your head.
                  | [potion of mutation]
  2240 | D:2      | Lost mutation: You are occasionally teleported next to
                  | monsters. [potion of mutation]
  2240 | D:2      | Lost mutation: You are partially covered in iridescent
                  | scales. (AC +2) [potion of mutation]
  2240 | D:2      | Gained mutation: Potions are less effective at restoring
                  | your health. [potion of mutation]
  2240 | D:2      | Lost mutation: Potions are less effective at restoring your
                  | health. [potion of mutation]
  2350 | D:3      | Reached skill level 5 in Staves
  2358 | D:3      | Found a blossoming altar of Fedhas.
  2516 | D:3      | Noticed Ijyb
  2522 | D:3      | Killed Ijyb
  2523 | D:3      | Reached XP level 5. HP: 14/38 MP: 5/5
  3050 | D:3      | Reached skill level 6 in Staves
  3377 | D:4      | Noticed an ogre
  3391 | D:4      | Killed an ogre
  3392 | D:4      | Gained mutation: You regenerate health from kills. [demonic
                  | ancestry]
  3392 | D:4      | Reached XP level 6. HP: 44/44 MP: 6/6
  3906 | D:5      | Entered Level 5 of the Dungeon
  3906 | D:5      | Found Lilixt's Assorted Antiques.
  4002 | D:5      | Reached skill level 7 in Staves
  4187 | D:5      | Gained mutation: You have large cloven feet. [demonic
                  | ancestry]
  4187 | D:5      | Reached XP level 7. HP: 43/50 MP: 7/7
  4241 | D:5      | Found a shimmering blue altar of Sif Muna.
  4629 | D:6      | Found a staircase to the Ecumenical Temple.
  4635 | D:6      | Splashed by a jelly's acid

Skill      XL: |  1  2  3  4  5  6 |
---------------+-------------------+-----
Staves         | 3 4 5 6 7 |  7.6
Fighting       | |  2.1
Throwing       | |  1.7
Dodging        | |  2.6
Unarmed Combat | |  0.9

Action                   |  1- 3 |  4- 6 |  7- 9 || total
-------------------------+-------+-------+-------++-------
Melee: Quarterstaff      |   125 |   111 |     2 ||   238
       Headbutt          |    11 |    17 |     2 ||    30
       Unarmed           |       |       |    13 ||    13
       Kick              |       |       |     7 ||     7
       Punch             |       |       |     1 ||     1
Throw: Throwing net      |       |     1 |       ||     1
  Use: Scroll            |       |    10 |       ||    10
       Potion            |       |     7 |     1 ||     8
 Stab: Sleeping          |     1 |       |       ||     1
       Distracted        |     1 |       |       ||     1
       Held in net/web   |       |     1 |       ||     1
Armor: Leather armour    |    33 |     8 |       ||    41
       Chain mail        |       |       |     1 ||     1
Dodge: Dodged            |    73 |    58 |     7 ||   138

Levels and vault maps discovered:
D:1:      tarquinn_simple_flora_water_b, layout_rooms,
          hellmonk_ecumenical_altar_crossroads, chequers_arboretum,
          minmay_close_crescents
D:2:      layout_loops_ring, serial_shops, shop, uniq_crazy_yiuf_cottage
D:3:      layout_basic, mainiacjoe_overflow_chevrons, uniq_ijyb
D:4:      layout_basic
D:5:      layout_rooms, marbit_many_paths, serial_shops, shop, hex_intersection
D:6:      layout_rooms, minmay_temple_entry_stoned_glass, serial_shops, shop,
          minivault_14
